 Dungeon Crawl Stone Soup version 0.18.1-50-g88ac8fd (webtiles) character file.

335220 KarmaPolice the Phalangite (level 21, -9/164 HPs)
             Began as a Merfolk Gladiator on Sept 28, 2016.
             Was the Champion of Qazlal.
             Mangled by an Executioner (19 damage)
             ... on level 2 of the Abyss on Oct 1, 2016.
             The game lasted 03:47:28 (60377 turns).

KarmaPolice the Phalangite (Merfolk Gladiator)     Turns: 60377, Time: 03:47:29

Health: -9/164     AC: 24    Str: 29    XL:     21   Next: 86%
Magic:  34/34      EV: 19    Int: 11    God:    Qazlal [******]
Gold:   1735       SH: 12    Dex: 14    Spells: 0 memorised, 20 levels left

rFire  + + .     SeeInvis .     Y - +5 demon trident (elec)
rCold  . . .     Gourm    .     p - +0 chain mail of Beyond {rElec rF++ rCorr Int+2}
rNeg   + . .     Faith    .     (no shield)
rPois  +         Spirit   .     z - +2 helmet "Geimuy" {rElec rPois}
rElec  +         Dismiss  .     h - +1 cloak
rCorr  +         Reflect  +     W - +2 pair of gloves {Str+3}
SustAt .         Harm     .     (no boots)
MR     ++...                    S - +4 amulet of reflection
Stlth  ..........               N - ring of protection from magic
                                g - ring of positive energy

@: protected from physical damage, repel missiles, very resistant to hostile
enchantments, extremely unstealthy
A: change form in water, swift swim, blink, deterioration 1, frail 1, strong 1
a: Blink, Upheaval, Elemental Force, Disaster Area, Renounce Religion
}: 2/15 runes: decaying, gossamer


You were on level 2 of the Abyss.
You worshipped Qazlal.
Qazlal was exalted by your worship.
You were not hungry.

You visited 9 branches of the dungeon, and saw 42 of its levels.
You visited the Abyss 2 times.
You also visited: Sewer.

You collected 3979 gold pieces.
You spent 2244 gold pieces at shops.

Inventory:

Hand Weapons
 j - a +3 demon trident of draining
 o - the +6 trident of the Hummingbird {antimagic, Str+5}
   (You bought it in a shop on level 2 of the Orcish Mines)

   It disrupts the flow of magical energy around spellcasters and certain
   magical creatures (including the wielder).
   It affects your strength (+5).
 Y - a +5 demon trident of electrocution (weapon)
Missiles
 d - 5 throwing nets (quivered)
Armour
 h - a +1 cloak (worn)
 p - the +0 chain mail of Beyond (worn) {rElec rF++ rCorr Int+2}
   (You found it on level 7 of the Lair of Beasts)

   It affects your intelligence (+2).
   It greatly protects you from fire.
   It insulates you from electricity.
   It protects you from acid and corrosion.
 x - a +0 plate armour of poison resistance
 z - the +2 helmet "Geimuy" (worn) {rElec rPois}
   (You bought it in a shop on level 10 of the Dungeon)

   It insulates you from electricity.
   It protects you from poison.
 A - the +1 ring mail of Geitil {rPois Slay+2 SInv}
   (You bought it in a shop on level 5 of the Dungeon)

   It affects your accuracy and damage with ranged weapons and melee attacks
   (+2).
   It protects you from poison.
   It lets you see invisible.
 W - a +2 pair of gloves of strength (worn)
Jewellery
 g - a ring of positive energy (left hand)
 y - a +5 ring of protection
 J - an uncursed ring of ice
 N - a ring of protection from magic (right hand)
 S - a +4 amulet of reflection (around neck)
Wands
 c - a wand of acid (7/15)
 O - a wand of hasting (4/9)
 V - a wand of teleportation (0/9)
 Z - a wand of digging (5/24)
Scrolls
 a - 6 scrolls of enchant armour
 b - 6 scrolls of magic mapping
 k - 7 scrolls of blinking
 l - a scroll of acquirement
 n - 8 scrolls of recharging
 q - 8 scrolls of teleportation
 r - 15 scrolls of remove curse
 u - 7 scrolls of fog
 w - 8 scrolls of fear
 B - 2 scrolls of identify
 C - 3 scrolls of brand weapon
 F - 2 scrolls of enchant weapon
 G - 6 scrolls of amnesia
 I - 4 scrolls of silence
Potions
 e - 13 potions of flight
 i - 5 potions of cancellation
 m - 6 potions of haste
 s - 7 potions of brilliance
 t - 6 potions of magic
 v - 2 potions of agility
 D - 4 potions of resistance
 E - 4 potions of might
 H - 3 potions of curing
 L - 2 potions of berserk rage
 U - 2 potions of invisibility
 X - 5 potions of ambrosia
Books
 R - a book of Power

   Spells                             Type                      Level
   a - Fulminant Prism                Conjuration/Hexes            4
   b - Iskenderun's Mystic Blast      Conjuration                  4
   c - Venom Bolt                     Conjuration/Poison           5
   d - Bolt of Magma                  Conjuration/Fire/Earth       5
   e - Iron Shot                      Conjuration/Earth            6
   f - Orb of Destruction             Conjuration                  7
   g - Spellforged Servitor           Conjuration/Summoning        7
Comestibles
 f - 19 bread rations
 K - 6 beef jerkies
 P - 10 slices of pizza
 Q - a meat ration


   Skills:
 - Level 20.0 Fighting
 + Level 25.1 Polearms
 - Level 2.0 Throwing
 + Level 10.3 Armour
 - Level 18.3 Dodging
 + Level 19.6 Invocations
 - Level 4.0 Evocations


You had 20 spell levels left.
You didn't know any spells.

Dungeon Overview and Level Annotations

Branches:
Dungeon (15/15)            Temple (1/1) D:4            Lair (8/8) D:10
  Swamp (4/4) Lair:4       Spider (4/4) Lair:4        Slime (3/6) Lair:8
    Orc (2/2) D:10            Elf (3/3) Orc:2        Vaults (2/5) D:14
 Depths (0/5) D:15
  Crypt: Vaults:2-3

Altars:
Ashenzari
Cheibriados
Dithmenos
Elyvilon
Fedhas
Gozag
Kikubaaqudgha
Makhleb
Nemelex Xobeh
Okawaru
Pakellas
Qazlal
Ru
Sif Muna
Trog
Vehumet
Xom
Yredelemnul
Zin
The Shining One
Beogh
Jiyva

Shops:
D:5 [%   D:6 *   D:7 [   D:10 [[(:(   D:12 }   Orc:2 (([![   Elf:1 (
Vaults:1 (

Annotations:
Slime:2 Dissolution
Vaults:2 Mara


Innate Abilities, Weirdness & Mutations

You revert to your normal form in water.
You are very nimble and swift while swimming.
You can translocate small distances at will.
Your body sometimes deteriorates upon taking damage.
You are frail (-10% HP).
Your muscles are strong. (Str +2)


Message History

You block the Executioner's attack.
The Executioner hits you but does no damage.
The Executioner closely misses you.
The Executioner hits you but does no damage.
The Executioner barely misses you. You block the Executioner's attack.
The Executioner gestures at you. You resist with almost no effort.
A worldbinder comes into view.
You hear a shout! x2
The Executioner hits you!!
* * * LOW HITPOINT WARNING * * *
You block the Executioner's attack.
The Executioner hits you but does no damage.
The Executioner hits you!
* * * LOW HITPOINT WARNING * * *
You feel more protected from physical attacks.
The Executioner misses you.
The Executioner hits you but does no damage.
The Executioner hits you!!
You die...

#..## .# # #... ## #
x #... ..### #.#
#.#... ..#.# ..# ###
#.##.##.##.###!.#
...##.....##§.#...#
. #.#.#...#x.x4§@..#
#.#.#####....#.1§#.#
. ..#.##.##...##.#
X. .
.#...#.####..##.#
..# #. .# #...#.#...
..# .#.
..###.####..##.§..#
# #. # # #.. .##...
## ..### ##. # ..


You could see a starcursed mass, an Executioner, an orange demon, a worldbinder
and a small abomination.

Vanquished Creatures
  the Lernaean hydra (Swamp:4)
  Nikola (Spider:4)
  Arachne (Spider:2)
  Rupert (Lair:3)
  Asterion (Spider:2)
  4 acid blobs
  A deep elf blademaster (Elf:3)
  2 deep elf master archers (Elf:3)
  A tentacled starspawn (Abyss:2)
  The ghost of Elystan the Fighter, an adept FoFi of Qazlal (Elf:1)
  Kirke (Lair:4)
  An azure jelly (Slime:1)
  5 deep elf sorcerers
  A vault warden (Vaults:1)
  Louise (Spider:3)
  3 ghost moths (Spider:4)
  5 emperor scorpions
  Aizul (Elf:1)
  A stone giant (Vaults:1)
  6 ironheart preservers
  5 deep elf demonologists
  5 deep elf annihilators (Elf:3)
  2 spark wasps
  2 ettins
  3 deep elf death magi (Elf:3)
  Josephine (Orc:2)
  2 fire dragons (Vaults:1)
  The ghost of DungeonMaster the Fighter, a journeyman CeMo of Gozag (D:11)
  A yaktaur captain (Vaults:1)
  The ghost of Mungo the Cleaver, a journeyman MiBe of Trog (Lair:2)
  2 great orbs of eyes (Vaults:1)
  5 entropy weavers
  4 deep elf high priests (Elf:3)
  8 vault guards (D:14)
  16 hydras
  Erolcha (D:8)
  Fannar (Lair:3)
  3 centaur warriors
  A ghost crab (Swamp:3)
  8 ogre magi
  24 dancing weapons
  9 alligators
  15 death yaks
  4 tengu warriors
  2 deep troll shamans (D:14)
  2 thrashing horrors (Abyss:2)
  4 orc high priests (Orc:2)
  The ghost of theElss the Thaumaturge, a novice HECj of Vehumet (D:9)
  Sonja (Lair:3)
  24 deep elf knights
  A sun demon (Abyss:2)
  A skeletal warrior (D:10)
  A fire crab (Lair:8)
  8 swamp dragons
  2 deep trolls (Vaults:1)
  2 unseen horrors
  3 shambling mangroves
  17 deep elf archers
  Pikel (D:8)
  8 hill giants
  9 orc knights
  A necromancer (Vaults:1)
  A wizard (D:12)
  21 orb spiders
  7 hornets
  A fire giant zombie (Abyss:2)
  3 shining eyes
  6 orc sorcerers
  15 ugly things
  A worldbinder (Abyss:2)
  41 wolf spiders
  66 deep elf magi
  4 cyclopes
  A tengu skeleton (Vaults:1)
  An oklob plant (Lair:5)
  2 moths of wrath (Spider:4)
  3 elephants (Lair:6)
  2 manticores
  3 torpor snails
  3 black mambas
  6 vault sentinels (Vaults:1)
  A frost giant skeleton (Vaults:1)
  An eye of devastation (Slime:1)
  2 gargoyles
  18 spiny frogs
  A spiny frog (shapeshifter) (D:13)
  5 kobold demonologists
  13 demonic crawlers
  12 komodo dragons
  A tormentor (Abyss:2)
  4 rime drakes
  A tengu conjurer (D:15)
  3 freezing wraiths
  2 ancient zymes (Abyss:2)
  8 yaktaurs (Vaults:1)
  50 jumping spiders
  3 spriggan druids
  2 trolls
  6 polar bears
  A blink frog (shapeshifter) (D:13)
  68 slime creatures
  15 two-headed ogres
  A polar bear (shapeshifter) (Elf:3)
  2 raiju (Abyss:2)
  32 blink frogs
  7 bog bodies
  A hornet zombie (D:15)
  2 boulder beetles (Vaults:1)
  2 giant leeches
  A slime creature (shapeshifter) (D:14)
  Grinder (D:6)
  4 flying skulls (Abyss:2)
  4 shadows
  8 large abominations
  16 spriggans
  3 water elementals
  3 air elementals
  27 tarantellas
  73 yaks
  119 redbacks
  10 wraiths
  2 wyverns
  4 hogs
  2 humans
  2 fire bats (Lair:6)
  9 small abominations
  8 basilisks
  A hippogriff (shapeshifter) (Elf:3)
  18 hippogriffs
  12 golden eyes
  2 chaos spawn (Abyss:2)
  A steam dragon (Lair:3)
  17 vampire mosquitoes
  A yaktaur simulacrum (Vaults:1)
  27 swamp worms
  9 wargs
  A mottled dragon (D:15)
  6 insubstantial wisps
  9 water moccasins
  10 porcupines
  12 black bears
  An ice beast (D:7)
  11 swamp drakes
  A slave (D:8)
  2 eyes of draining (Slime:2)
  14 wasps
  33 orc warriors
  2 necrophages
  31 ogres
  5 phantoms
  42 wolves
  15 centaurs
  4 sky beasts
  6 boggarts
  19 crocodiles
  A human skeleton (Vaults:1)
  4 big kobolds
  34 giant frogs
  4 earth elementals
  A gnoll sergeant (D:11)
  2 scorpions
  9 killer bees
  5 wights (D:7)
  7 howler monkeys
  6 electric eels (Lair:4)
  7 crimson imps
  A centaur zombie (D:10)
  3 hounds
  20 jellies
  2 giant frog skeletons
  A gnoll shaman (D:9)
  24 orc priests
  28 orc wizards
  Jessica (D:2)
  4 centaur skeletons
  11 iguanas
  7 worker ants
  6 hell rats
  9 sheep
  2 hound skeletons
  5 worker ant zombies
  11 gnolls
  A howler monkey skeleton (D:5)
  15 adders
  56 river rats
  A shadow imp (D:7)
  An adder zombie (D:8)
  An adder skeleton (D:4)
  A worm (D:4)
  3 dart slugs
  5 giant geckos
  95 orcs
  7 bats
  5 giant cockroaches
  8 goblins
  12 hobgoblins
  18 jackals
  9 quokkas
  A ball python (D:2)
  6 giant newts
  27 kobolds
  A quokka zombie (D:5)
  5 rats
  130 fungi
  52 plants
1985 creatures vanquished.

Vanquished Creatures (collateral kills)
  2 azure jellies (Slime:2)
  Maud (Lair:6)
  Snorg (Lair:6)
  2 golden eyes (Slime:2)
  2 jellies (Slime:2)
8 creatures vanquished.

Vanquished Creatures (others)
  A deep elf elementalist (Elf:3)
  A rakshasa (D:8)
  An alligator (Swamp:3)
  2 deep elf knights (Elf:1)
  An orc knight (Orc:2)
  2 orb spiders
  2 deep elf magi
  A cyclops (Vaults:1)
  A jumping spider (Spider:4)
  A two-headed ogre (Vaults:1)
  A giant leech (Swamp:3)
  2 slime creatures (Swamp:3)
  A human (Swamp:1)
  A yak (D:12)
  An ogre (Vaults:1)
  2 orc warriors (Orc:2)
  2 centaurs
  A boggart (Vaults:1)
  A worker ant (D:8)
  A rat (D:2)
  41 fungi
  7 plants
74 creatures vanquished.

Grand Total: 2067 creatures vanquished

Notes
Turn   | Place    | Note
--------------------------------------------------------------
     0 | D:1      | KarmaPolice the Merfolk Gladiator began the quest for the Orb.
     0 | D:1      | Reached XP level 1. HP: 16/16 MP: 1/1
    71 | D:1      | Reached XP level 2. HP: 18/23 MP: 2/2
   793 | D:2      | Reached skill level 5 in Polearms
   796 | D:2      | Reached XP level 3. HP: 13/28 MP: 3/3
   987 | D:2      | Noticed Jessica
   993 | D:2      | Killed Jessica
   993 | D:2      | Reached XP level 4. HP: 16/35 MP: 4/4
  1062 | D:2      | Reached skill level 5 in Dodging
  1755 | D:3      | Found a shadowy altar of Dithmenos.
  1919 | D:3      | Reached XP level 5. HP: 41/42 MP: 5/5
  1955 | D:3      | Reached skill level 6 in Polearms
  2900 | D:4      | Reached XP level 6. HP: 49/49 MP: 6/6
  3054 | D:4      | Found a sparkling altar of Nemelex Xobeh.
  3406 | D:4      | Reached skill level 7 in Polearms
  3615 | D:4      | Found a staircase to the Ecumenical Temple.
  3630 | Temple   | Entered the Ecumenical Temple
  4085 | D:5      | Entered Level 5 of the Dungeon
  4114 | D:5      | Reached skill level 5 in Fighting
  4114 | D:5      | Reached XP level 7. HP: 25/56 MP: 7/7
  4413 | D:5      | Found a shimmering altar of Xom.
  4473 | D:5      | Found Xaac's Food Shop.
  4478 | D:5      | Found a snail-covered altar of Cheibriados.
  4504 | D:5      | Reached skill level 1 in Armour
  4535 | D:5      | Found an opulent altar of Gozag.
  4570 | D:5      | Reached skill level 8 in Polearms
  4727 | D:5      | Found a bloodstained altar of Trog.
  4812 | D:5      | Found Ugargh's Armour Emporium.
  4841 | D:5      | Bought the +1 ring mail of Geitil {rPois Slay+2 SInv} for 426 gold pieces
  4871 | D:5      | Found a stormy altar of Qazlal.
  4879 | D:5      | Became a worshipper of Qazlal Stormbringer
  4966 | D:5      | Reached skill level 1 in Invocations
  4966 | D:5      | Reached XP level 8. HP: 63/64 MP: 8/8
  5067 | D:6      | Noticed Grinder
  5113 | D:6      | Killed Grinder
  5196 | D:6      | Reached skill level 9 in Polearms
  5409 | D:6      | Found Beerchergh's Assorted Antiques.
  5672 | D:6      | Found a glowing drain.
  5681 | Sewer    | Entered a sewer
  5776 | Sewer    | Reached * piety under Qazlal
  5804 | Sewer    | Found a white marble altar of Elyvilon.
  5884 | D:6      | Reached XP level 9. HP: 64/72 MP: 10/12
  5962 | D:7      | Reached skill level 10 in Polearms
  6514 | D:7      | Reached skill level 5 in Invocations
  6523 | D:7      | Reached ** piety under Qazlal
  6532 | D:6      | Bought a runed spear for 81 gold pieces
  7175 | D:7      | Reached skill level 11 in Polearms
  7259 | D:7      | Found Henir's Armour Emporium.
  7335 | D:7      | Reached XP level 10. HP: 75/82 MP: 14/14
  7604 | D:8      | Reached *** piety under Qazlal
  7673 | D:8      | Noticed Pikel
  7704 | D:8      | Killed Pikel
  7704 | D:8      | Reached skill level 5 in Armour
  8003 | D:8      | Found an oddly glowing altar of Pakellas.
  8003 | D:8      | Noticed a rakshasa
  8018 | D:8      | Killed a rakshasa
  8057 | D:8      | Reached skill level 12 in Polearms
  8152 | D:8      | Noticed Erolcha
  8172 | D:8      | Killed Erolcha
  8526 | D:9      | Noticed theElss's ghost (novice HECj)
  8553 | D:9      | Killed theElss's ghost
  8553 | D:9      | Reached skill level 10 in Fighting
  8553 | D:9      | Reached XP level 11. HP: 82/90 MP: 16/16
  8821 | D:9      | Found a basalt altar of Yredelemnul.
  9640 | D:9      | Found a glowing golden altar of the Shining One.
 10407 | D:10     | Entered Level 10 of the Dungeon
 10407 | D:10     | Found Toax's Antique Weapon Shoppe.
 10413 | D:10     | Reached skill level 13 in Polearms
 10427 | D:10     | Reached **** piety under Qazlal
 10471 | D:10     | Found Guomyukluo's Antique Weapon Shop.
 10696 | D:10     | Found Nuomep's Book Boutique.
 10784 | D:10     | Found a staircase to the Lair.
 10801 | D:10     | Found Cyesue's Antique Armour Boutique.
 10809 | D:10     | Bought a pair of runed gloves for 126 gold pieces
 10836 | D:10     | Found Cava's Antique Armour Boutique.
 11025 | D:10     | Found a staircase to the Orcish Mines.
 11172 | D:10     | Found an iron altar of Okawaru.
 11326 | D:11     | Noticed a hill giant
 11681 | D:11     | Noticed a skeletal warrior
 11801 | D:10     | Noticed an unseen horror
 12414 | D:11     | Noticed DungeonMaster's ghost (journeyman CeMo)
 12634 | Lair:1   | Entered Level 1 of the Lair of Beasts
 12639 | Lair:1   | Reached ***** piety under Qazlal
 12639 | Lair:1   | Reached skill level 14 in Polearms
 12639 | Lair:1   | Reached XP level 12. HP: 100/100 MP: 18/18
 14128 | Lair:2   | Noticed Mungo's ghost (journeyman MiBe)
 14168 | Lair:2   | Killed Mungo's ghost
 14665 | Lair:3   | Reached skill level 10 in Invocations
 14679 | Lair:3   | Noticed Fannar
 14745 | Lair:3   | Killed Fannar
 14896 | Lair:3   | Noticed Sonja
 14903 | Lair:3   | Noticed Rupert
 14915 | Lair:3   | Killed Sonja
 15316 | Lair:2   | Reached skill level 15 in Polearms
 15393 | Lair:3   | Paralysed by Rupert for 2 turns
 15521 | Lair:4   | Found a staircase to the Swamp.
 15575 | Lair:3   | Killed Rupert
 16583 | Lair:4   | Reached XP level 13. HP: 108/108 MP: 21/21
 16680 | Lair:4   | Found a hole to the Spider Nest.
 17593 | Lair:4   | Reached ****** piety under Qazlal
 18294 | D:10     | Bought a dazzling helmet for 275 gold pieces
 18304 | D:10     | Identified the +2 helmet "Geimuy" {rElec rPois} (You bought it in a shop on level 10 of the Dungeon)
 18936 | Lair:5   | Reached skill level 16 in Polearms
 18942 | Lair:5   | Reached skill level 10 in Dodging
 18968 | Spider:1 | Entered Level 1 of the Spider Nest
 19958 | Lair:6   | Noticed Snorg
 19983 | Lair:6   | Killed Snorg
 20249 | Lair:6   | Noticed Maud
 20280 | Lair:6   | Killed Maud
 20329 | Lair:6   | Reached XP level 14. HP: 88/118 MP: 22/22
 20487 | Lair:6   | Found a dark tunnel.
 21277 | Lair:7   | Reached skill level 17 in Polearms
 21640 | Lair:7   | Got an amethyst-encrusted chain mail
 21646 | Lair:7   | Identified the cursed +0 chain mail of Beyond {rElec rF++ rCorr Int+2} (You found it on level 7 of the Lair of Beasts)
 22331 | Lair:8   | Entered Level 8 of the Lair of Beasts
 22334 | Lair:8   | Found a basalt altar of Yredelemnul.
 23907 | Lair:8   | Reached skill level 18 in Polearms
 23914 | Lair:8   | Reached XP level 15. HP: 119/127 MP: 24/24
 24458 | Lair:8   | Found a staircase to the Slime Pits.
 24458 | Lair:8   | Found a viscous altar of Jiyva.
 25286 | Swamp:1  | Entered Level 1 of the Swamp
 25299 | Swamp:1  | Noticed Kirke
 25551 | Orc:1    | Entered Level 1 of the Orcish Mines
 25689 | Orc:1    | Found a roughly hewn altar of Beogh.
 26180 | Orc:2    | Entered Level 2 of the Orcish Mines
 26184 | Orc:2    | Found Umedudgh's Antique Armour Shop.
 26200 | Orc:2    | Found a runed door.
 26502 | Orc:2    | Noticed Josephine
 26509 | Orc:2    | Reached skill level 15 in Fighting
 26518 | Orc:2    | Killed Josephine
 27240 | Orc:2    | Found a staircase to the Elven Halls.
 27396 | Orc:2    | Found Hywneu's Antique Armour Emporium.
 27400 | Orc:2    | Found Boloi's Distillery.
 27406 | Orc:2    | Bought a potion of brilliance for 64 gold pieces
 27406 | Orc:2    | Bought a potion of agility for 64 gold pieces
 27406 | Orc:2    | Bought a potion of might for 64 gold pieces
 27406 | Orc:2    | Found Ytsoa's Weapon Boutique.
 27408 | Orc:2    | Found Gaushruh's Weapon Emporium.
 27500 | Orc:2    | Found a roughly hewn altar of Beogh.
 27651 | Orc:2    | Bought a potion of haste for 160 gold pieces
 27651 | Orc:2    | Bought a potion of might for 64 gold pieces
 27653 | Orc:2    | Bought a pair of embroidered gloves for 108 gold pieces
 27686 | Orc:2    | Bought the +6 trident of the Hummingbird {antimagic, Str+5} for 812 gold pieces
 28288 | D:12     | Reached skill level 19 in Polearms
 28579 | D:12     | Found Yserhar's Gadget Boutique.
 29221 | D:12     | Reached XP level 16. HP: 120/136 MP: 26/26
 30696 | D:14     | Found a gate to the Vaults.
 30934 | D:14     | Found an opulent altar of Gozag.
 31240 | D:15     | Entered Level 15 of the Dungeon
 31604 | D:15     | Reached skill level 15 in Dodging
 31654 | D:15     | Identified a scroll of acquirement
 31694 | D:15     | Reached skill level 20 in Polearms
 32118 | D:15     | Found a staircase to the Depths.
 32668 | Lair:4   | Reached skill level 15 in Invocations
 33850 | Spider:1 | Reached XP level 17. HP: 120/145 MP: 28/28
 36916 | Spider:3 | Noticed Asterion
 37306 | Spider:3 | Noticed Arachne
 37325 | Spider:2 | Killed Arachne
 37325 | Spider:2 | Reached skill level 21 in Polearms
 38632 | Spider:2 | Killed Asterion
 39214 | Spider:3 | Noticed Louise
 39234 | Spider:3 | Killed Louise
 39687 | Spider:4 | Entered Level 4 of the Spider Nest
 39826 | Spider:4 | Reached XP level 18. HP: 135/155 MP: 30/30
 39832 | Spider:4 | Gained mutation: You can translocate small distances at will. [potion of beneficial mutation]
 40768 | Spider:4 | Noticed Nikola
 40802 | Spider:4 | Killed Nikola
 41248 | Spider:4 | Reached skill level 22 in Polearms
 41513 | Spider:4 | Got a gossamer rune of Zot
 42002 | Lair:4   | Killed Kirke
 44840 | Swamp:4  | Entered Level 4 of the Swamp
 44913 | Swamp:3  | Reached XP level 19. HP: 161/163 MP: 31/31
 45058 | Swamp:4  | Noticed the 27-headed Lernaean hydra
 45868 | Swamp:4  | Killed the 27-headed Lernaean hydra
 46539 | Swamp:4  | Got a decaying rune of Zot
 47167 | Vaults:1 | Entered Level 1 of the Vaults
 47690 | Vaults:1 | Reached skill level 23 in Polearms
 47805 | Vaults:1 | Paralysed by an ogre mage for 7 turns
 49302 | Vaults:1 | Found Ryfaf's Gadget Shoppe.
 49372 | Vaults:1 | Found Cihapesch's Weapon Shop.
 49581 | Vaults:1 | Reached XP level 20. HP: 131/174 MP: 31/33
 49915 | Vaults:2 | Noticed Mara
 49927 | Vaults:2 | Noticed KarmaPolice's illusion
 51151 | D:11     | Killed DungeonMaster's ghost
 51515 | Slime:1  | Entered Level 1 of the Pits of Slime
 51884 | Slime:2  | Gained mutation: You are clumsy. (Dex -2) [a shining eye]
 51885 | Slime:2  | Noticed Dissolution
 51887 | Slime:2  | Gained mutation: Your body sometimes deteriorates upon taking damage. [a shining eye]
 53013 | Slime:1  | Gained mutation: You are frail (-10% HP). [a shining eye]
 53556 | Slime:2  | Lost mutation: You are clumsy. (Dex -2) [a shining eye]
 54018 | Elf:1    | Entered Level 1 of the Elven Halls
 54093 | Elf:1    | Found Gacexoub's Weapon Emporium.
 54454 | Elf:1    | Noticed Elystan's ghost (adept FoFi)
 54486 | Elf:1    | Killed Elystan's ghost
 54495 | Elf:1    | Noticed Aizul
 54505 | Elf:1    | Killed Aizul
 54536 | Elf:1    | Reached skill level 24 in Polearms
 54850 | Elf:1    | Identified the Grimoire of the Escort
 55817 | Elf:2    | Found a runed gate.
 55818 | Elf:2    | Found a runed gate.
 55822 | Elf:2    | Found a runed gate.
 55977 | Elf:2    | Reached XP level 21. HP: 135/163 MP: 34/34
 56932 | Elf:2    | Cast into level 2 of the Abyss (a deep elf sorcerer)
 56936 | Elf:2    | Escaped the Abyss
 56941 | Elf:2    | Reached skill level 1 in Evocations
 57312 | Elf:3    | Entered Level 3 of the Elven Halls
 57651 | Elf:3    | Gained mutation: Your muscles are strong. (Str +2) [potion of beneficial mutation]
 59271 | Elf:3    | Reached skill level 10 in Armour
 59538 | Elf:3    | Reached skill level 25 in Polearms
 59917 | Elf:3    | Cast into level 2 of the Abyss (a deep elf sorcerer)
 60207 | Abyss:2  | HP: 6/164 [thrashing horror (11)]
 60377 | Abyss:2  | Mangled by an Executioner

Skill      XL: |  1  2  3  4  5  6  7  8  9 10 11 12 13 14 15 16 17 18 19 20 21 |
---------------+----------------------------------------------------------------+-----
Polearms       | 5 6 7 8 9 11 12 14 15 16 18 19 20 21 22 23 24 25 | 25.1
Fighting       | 3 4 5 6 7 8 10 11 12 13 14 15 16 17 18 19 20 | 20.0
Dodging        | 5 6 8 11 12 14 15 16 17 18 | 18.3
Armour         | 1 3 4 5 6 7 8 9 10 | 10.3
Invocations    | 1 4 5 7 9 10 11 13 14 15 16 17 18 19 | 19.6
Evocations     | 4 |  4.0
Throwing       | |  2.0

Action                   |  1- 3 |  4- 6 |  7- 9 | 10-12 | 13-15 | 16-18 | 19-21 || total
-------------------------+-------+-------+-------+-------+-------+-------+-------++-------
Melee: Trident           |    76 |   255 |   523 |       |       |       |   226 ||  1080
       Spear             |       |       |    29 |  1116 |   501 |       |       ||  1646
       Tailslap          |       |       |       |     5 |     4 |    30 |    13 ||    52
       Demon trident     |       |       |       |       |  1023 |  1661 |  1522 ||  4206
Throw: Tomahawk          |       |       |     4 |       |       |       |       ||     4
Invok: Elemental Force   |       |       |       |     1 |     2 |     1 |     6 ||    10
       Disaster Area     |       |       |       |       |       |       |     1 ||     1
 Abil: Blink             |       |       |       |       |       |       |     1 ||     1
Evoke: Wand              |       |       |       |       |       |       |     4 ||     4
  Use: Potion            |       |     2 |     1 |     2 |       |    12 |    20 ||    37
       Scroll            |       |       |     5 |     8 |    12 |    13 |    14 ||    52
 Stab: Sleeping          |     2 |       |       |       |       |       |       ||     2
       Invisible         |       |       |       |       |       |       |     3 ||     3
       Distracted        |       |       |       |       |       |       |     1 ||     1
  Eat: Chunk             |       |     8 |     7 |    21 |    37 |    22 |    22 ||   117
       Meat ration       |       |     1 |       |     2 |       |     5 |     6 ||    14
       Pizza             |       |       |       |       |     1 |       |       ||     1
       Royal jelly       |       |       |       |       |     1 |       |     1 ||     2
       Beef jerky        |       |       |       |       |       |     2 |       ||     2
Armor: Leather armour    |    19 |    38 |       |       |       |       |       ||    57
       Chain mail        |       |    57 |    66 |       |       |    51 |   376 ||   550
       Robe              |       |     2 |       |       |       |       |       ||     2
       Ring mail         |       |       |   113 |   168 |   229 |   336 |    33 ||   879
Dodge: Dodged            |    62 |   153 |   259 |   316 |   469 |   815 |   676 ||  2750
       Deflected         |       |       |       |    19 |    15 |     8 |    68 ||   110
Block: Other             |       |       |     9 |   135 |   406 |   740 |   581 ||  1871
       Reflection        |       |       |       |       |    24 |    13 |    76 ||   113
